AoeStats
← DesertFox

Arabia

510637741Analyzed
1v1 RM · 2d ago on Oct 1, 2026· 43m 29s· 2 players
Game mode
Random Map
Map size
Tiny (2 player)
Population
200
Speed
Normal
Resources
Standard
Victory
Conquest
Starting age
Dark Age
Ending age
Imperial Age
RankedLock teamsTeams togetherTeam positionsShared explorationLock speedFull tech treeHidden civsTurbo modeCheats
Victory
Defeat
🇺🇸 Vietnamese · United States
1079
+15
🇷🇺 Saracens · Russia
1056
-15
R-Y
7:11 Loom
9:26 Feudal Age
10:09 Double-Bit Axe
13:36 Fletching
14:46 Horse Collar
18:38 Castle Age
17:37 Scale Barding Armor
20:30 Town Watch
20:37 Elite Skirmisher
24:59 Wheelbarrow
25:22 Padded Archer Armor
27:29 Bow Saw
29:41 Leather Archer Armor
29:22 Bodkin Arrow
35:45 Imperial Age
35:23 Ballistics
35:18 Thumb Ring
35:44 Heavy Plow
35:53 Guard Tower
36:22 Gold Mining
37:42 Chain Barding Armor
38:07 Hand Cart
38:14 Forging
39:28 Ring Archer Armor
40:21 Chemistry
41:24 Bloodlines
41:03 Heavy Camel Rider
42:57 Plate Barding Armor
43:02 Bracer
DesertFox
10:43 Feudal Age
9:11 Loom
11:45 Double-Bit Axe
11:41 Horse Collar
12:38 Man-at-Arms
15:54 Gold Mining
17:15 Arson
18:17 Fletching
19:17 Padded Archer Armor
19:17 Scale Mail Armor
21:37 Castle Age
20:13 Forging
23:03 Wheelbarrow
22:13 Crossbowman
23:00 Thumb Ring
24:06 Bodkin Arrow
25:52 Heavy Plow
25:52 Stone Mining
26:15 Bow Saw
27:01 Hand Cart
26:32 Town Watch
34:46 Light Cavalry
36:25 Bloodlines
40:27 Imperial Age
37:58 Town Patrol
39:08 Iron Casting
38:39 Scale Barding Armor
39:58 Husbandry
42:38 Chain Barding Armor
44:28 Plate Barding Armor
43:55 Bracer
43:17 Arbalester
Connection lost

Rejoining the realm…

Still unreachable

The connection could not be restored.

Session expired

The server has moved on; the page needs a fresh start.